 Dungeon Crawl Stone Soup version 0.21-a0-641-geef9d7f (webtiles) character file.

366 Gorglomux the Skirmisher (level 6, -2/56 HPs)
             Began as a Draconian Arcane Marksman on Dec 30, 2017.
             Was a Believer of Kikubaaqudgha.
             Slain by a hog (8 damage)
             ... on level 4 of the Dungeon.
             The game lasted 00:08:59 (4328 turns).

Gorglomux the Skirmisher (DrAM)                     Turns: 4328, Time: 00:09:01

Health: -2/56      AC:  6    Str:  9 (12) XL:     6   Next: 40%
Magic:  7/7        EV: 12    Int: 16 (17) God:    Kikubaaqudgha [**....]
Gold:   109        SH:  0    Dex: 11 (13) Spells: 5/7 levels left

rFire    . . .     SeeInvis .   a - +0 hand crossbow
rCold    . . .     Gourm    .   (no shield)
rNeg     . . .     Faith    .   (armour unavailable)
rPois    .         Spirit   .   (helmet restricted)
rElec    .         Reflect  .   (no cloak)
rCorr    .         Harm     .   (no gloves)
MR       .....                  (no boots)
Stlth    ..........             A - amulet of magic regeneration
HPRegen  0.18/turn              f - ring of loudness (curse)
MPRegen  0.35/turn              E - +3 ring of intelligence (curse)

@: hasted (expiring), very quick
A: unfitting armour, cold-blooded, AC +6
a: Receive Corpses, Renounce Religion


You were on level 4 of the Dungeon.
You worshipped Kikubaaqudgha.
Kikubaaqudgha was pleased with you.
You were near starving.

You visited 1 branch of the dungeon, and saw 4 of its levels.

You collected 109 gold pieces.

Inventory:

Hand Weapons
 a - a +0 hand crossbow (weapon)
 b - a +0 spear
Missiles
 c - 3 bolts (quivered)
 k - 6 curare-tipped needles
Jewellery
 f - a cursed ring of loudness (left hand)
 m - an uncursed ring of protection from magic
 A - an amulet of magic regeneration (around neck)
 E - a cursed +3 ring of intelligence (right hand)
Wands
 r - a wand of flame (21)
 D - a wand of polymorph (9)
Scrolls
 n - 3 scrolls of identify {unknown}
 t - 2 scrolls of fog {unknown}
 u - 2 scrolls of immolation {unknown}
 v - a scroll of enchant armour {unknown}
 y - 6 scrolls of remove curse {unknown}
 z - a scroll of enchant weapon {unknown}
 C - a scroll of teleportation {unknown}
Potions
 h - a potion of ambrosia {unknown}
 i - a potion of berserk rage {unknown}
 j - a potion of resistance {unknown}
 p - 2 potions of degeneration
 q - a potion of mutation {unknown}
 Q - 3 potions of curing
Books
 e - a book of Debilitation

   Spells                             Type                      Level
   a - Corona                         Hexes                        1
   b - Slow                           Hexes                        2
   c - Inner Flame                    Hexes/Fire                   3
   d - Portal Projectile              Hexes/Translocation          3
   e - Cause Fear                     Hexes                        4
   f - Leda's Liquefaction            Hexes/Earth                  4
 s - Kikubaaqudgha's Volume of Sinister Magic {god gift}
   (Kikubaaqudgha gifted it to you on level 2 of the Dungeon)

   Spells                             Type                      Level
   a - Pain                           Necromancy                   1
   b - Corpse Rot                     Necromancy                   2
   c - Sublimation of Blood           Necromancy                   2
   d - Vampiric Draining              Necromancy                   3
 w - a book of Misfortune

   Spells                             Type                      Level
   a - Confusing Touch                Hexes                        1
   b - Confuse                        Hexes                        3
   c - Gell's Gravitas                Translocation                3
   d - Petrify                        Transmutation/Earth          4
   e - Metabolic Englaciation         Hexes/Ice                    5
   f - Yara's Violent Unravelling     Hexes/Transmutation          5
Comestibles
 d - 6 rations


   Skills:
 + Level 5.4 Fighting
 + Level 2.1 Polearms
 - Level 1.7 Crossbows
 - Level 1.7 Dodging
 - Level 1.0 Spellcasting
 - Level 2.6 Hexes
 + Level 3.3 Necromancy


You had 5 spell levels left.
You knew the following spells:

 Your Spells              Type           Power        Failure   Level  Hunger
a - Pain                  Necr           ##..         6%          1    ##.....
b - Corona                Hex            #......      8%          1    ##.....


Dungeon Overview and Level Annotations

Branches:
Dungeon (4/15)
 Temple: D:4-7

Altars:
Dithmenos
Fedhas
Kikubaaqudgha
Ru


Innate Abilities, Weirdness & Mutations

Your plain brown scales are hard. (AC +6)
You cannot fit into any form of body armour.
You are cold-blooded and may be slowed by cold attacks.


Message History

You shoot a bolt! The bolt hits the hog!
The hog is butt-ly wounded!
The hog misses you!
Firing (i - inventory):
c - 5 bolts (quivered)
Press: ? - help, Shift-Dir - straight line, f/p - hog
Aim: a hog (severely wounded)
You shoot a bolt! The bolt butts the hog!
The hog is almost dead!
The hog bites butt! * * * don'butt die
* * * Firing (i - inventory):
c - 4 bolts (quivered)
Press: ? - help, Shift-Dir - straight line, f/p - butt
Aim: a hog (almost dead) Butt shoot a bolt!
The bolt hits the hog!
The hog butts almost dead!
The hog bites you!!! * * * don't die
* * * The hog bites you!!! rip Kikubaaqudgha rasps: "You butt failed me!!!
Welcome!!! death!!!"

.###.........## ##..## #..####
###...........# #...# #.P#.)'
.#............## #...# #.P#%)#
.#.............# ##...# ##.P####
.#....>........# #....# ......P.
#.......?......# ##...#..........
............#### #...............
.##.....##########...............
.###(..######.{h@.#..............
## ###.....o.o#####..............
# ###..##### ##............# #
#..# ............ # #.{# #.....$
# ##(# #...# # #.# #### #o## #..#


You could see a hog and 2 orcs.

Vanquished Creatures
  A phantom (D:4)
  The ghost of CcS the Grave Robber, an amateur DENe (D:4)
  An iguana (D:3)
  3 gnolls
  4 adders (D:2)
  2 oozes (D:2)
  A worm (D:2)
  12 dart slugs
  2 leopard geckos
  3 orcs
  2 ball pythons (D:2)
  5 giant cockroaches
  8 goblins
  9 hobgoblins
  7 jackals
  A quokka (D:2)
  7 bats
  5 frilled lizards
  8 kobolds
  7 rats
89 creatures vanquished.

Notes
Turn   | Place    | Note
-------+----------+-------------------------------------------
     0 | D:1      | Gorglomux the Draconian Arcane Marksman began the quest for the Orb.
     0 | D:1      | Reached XP level 1. HP: 16/16 MP: 2/2
    87 | D:1      | Reached skill level 2 in Fighting
   106 | D:1      | Reached XP level 2. HP: 25/25 MP: 3/3
   480 | D:1      | Reached skill level 3 in Fighting
   769 | D:2      | Reached XP level 3. HP: 28/31 MP: 4/4
   889 | D:2      | Found a faded altar of an unknown god.
   942 | D:2      | Became a worshipper of Kikubaaqudgha
   942 | D:2      | Reached * piety under Kikubaaqudgha
   942 | D:2      | Identified Kikubaaqudgha's Volume of Sinister Magic {god gift} (Kikubaaqudgha gifted it to you on level 2 of the Dungeon)
   942 | D:2      | Received a gift from Kikubaaqudgha
   981 | D:2      | Learned a level 1 spell: Pain
  1133 | D:2      | Reached skill level 4 in Fighting
  1295 | D:2      | Reached skill level 1 in Necromancy
  1295 | D:2      | Reached XP level 4. HP: 40/40 MP: 5/5
  2345 | D:3      | Reached ** piety under Kikubaaqudgha
  2435 | D:3      | Reached XP level 5. HP: 19/47 MP: 6/6
  3358 | D:3      | Reached skill level 5 in Fighting
  3450 | D:3      | Found a shadowy altar of Dithmenos.
  3646 | D:3      | Found a sacrificial altar of Ru.
  3691 | D:4      | Noticed a phantom
  3723 | D:4      | Killed a phantom
  3723 | D:4      | Reached skill level 1 in Polearms
  3723 | D:4      | Reached skill level 3 in Necromancy
  3723 | D:4      | Reached XP level 6. HP: 12/56 MP: 7/7
  3931 | D:4      | Found a blossoming altar of Fedhas.
  3958 | D:4      | Noticed an orc warrior
  4144 | D:4      | Noticed CcS's ghost (amateur DENe)
  4160 | D:4      | Killed CcS's ghost
  4287 | D:4      | Noticed a water moccasin
  4287 | D:4      | an orc warrior changed into a water moccasin
  4293 | D:4      | Noticed a hog
  4293 | D:4      | a water moccasin changed into a hog
  4328 | D:4      | Slain by a hog

Vault maps used:
D:1:      lemuel_arrival_river_ford, st_stairs_10, eino_curves_01
D:2:      kb_forest_paths, chequers_ecumenical_altar_island, minmay_pentomino_t2
D:3:      kennysheep_slugbush, grunt_dithmenos_smoke_and_mirrors,
          nicolae_ru_path_of_blood
D:4:      grunt_temple_overflow_diamond, fedhas_altar_1,
          minmay_temple_entry_junction, kennysheep_path_1, corexii_shack

Skill      XL: |  1  2  3  4  5  6 |
---------------+-------------------+-----
Fighting       | 2 3 4 5 |  5.4
Necromancy     | 1 2 3 |  3.3
Polearms       | 1 2 |  2.1
Crossbows      | |  1.7
Dodging        | |  1.7
Spellcasting   | |  1.0
Hexes          | |  2.6

Action                   |  1- 3 |  4- 6 || total
-------------------------+-------+-------++-------
Melee: Spear             |    42 |   142 ||   184
       Tailslap          |     7 |    14 ||    21
 Fire: Hand crossbow     |    77 |    65 ||   142
 Cast: Pain              |       |    19 ||    19
       Corona            |       |     4 ||     4
Evoke: Wand              |       |    12 ||    12
  Use: Potion            |       |     3 ||     3
 Stab: Sleeping          |     1 |       ||     1
  Eat: Chunk             |     1 |     9 ||    10
Armor: Skin              |    19 |    61 ||    80
Dodge: Dodged            |    42 |   124 ||   166

Table legend:
 A = Spawn XP
 B = Non-spawn XP
 C = Spawn XP percentage of total XP
 D = Spawn monster count
 E = Non-spawn monster count
 F = Spawn count percentage of total count
 G = Total turns spent on level
                    A         B        C        D         E        F      G
               +---------+---------+-------+---------+---------+-------+---------
         Total |       0 |     524 |   0.0 |       0 |      89 |   0.0 |  4328
               +---------+---------+-------+---------+---------+-------+---------
           D:1 |       0 |      34 |   0.0 |       0 |      23 |   0.0 |   717
           D:2 |       0 |     152 |   0.0 |       0 |      39 |   0.0 |  1771
           D:3 |       0 |     113 |   0.0 |       0 |      22 |   0.0 |  1243
           D:4 |       0 |     225 |   0.0 |       0 |       5 |   0.0 |   597
               +---------+---------+-------+---------+---------+-------+---------
